 Dungeon Crawl Stone Soup version 0.32-a0-818-gb728d0252e (webtiles) character file.

Game seed: 12678033469136244458

69 hikkokomori the Apothecary (level 4, -1/32 HPs)
             Began as a Coglin Alchemist on Mar 23, 2024.
             Slain by a kobold
             ... wielding a +0 dagger
              (2 damage)
             ... on level 2 of the Dungeon.
             The game lasted 00:03:16 (1568 turns).

hikkokomori the Apothecary (Coglin Alchemist)       Turns: 1568, Time: 00:03:16

Health: -1/32      AC:  2    Str:  8    XL:     4   Next: 20%
Magic:  0/7        EV: 11    Int: 17    God:
Gold:   85         SH:  0    Dex: 14    Spells: 6/7 levels left

rFire   . . .        d - +0 short sword {Hugo}
rCold   . . .        (no shield)
rNeg    . . .        a - +0 robe
rPois   .            (no helmet)
rElec   .            (no cloak)
rCorr   .            (no gloves)
SInv    .            (no boots)
Will    .....        (amulet unavailable)
Stlth   ++           (ring unavailable)
HPRegen 0.25/turn    (ring unavailable)
MPRegen 0.10/turn    (no gizmo)

%: no passive effects
@: lethally poisoned (-1 -> -5), attractive, revving
A: off-hand wielding, slow wielding, warmup strikes, no jewellery
a: Invent Gizmo


You were on level 2 of the Dungeon.
You visited 1 branch of the dungeon, and saw 2 of its levels.

You collected 85 gold pieces.

Inventory:

Hand Weapons
 d - a +0 short sword (weapon) {Hugo}
Armour
 a - a +0 robe (worn)
Scrolls
 e - a scroll of vulnerability {unknown}
 f - a scroll of amnesia {unknown}
 h - 2 scrolls of enchant weapon {unknown}
 i - a scroll of brand weapon {unknown}
 j - a scroll of torment {unknown}
 k - a scroll of silence {unknown}
 l - a scroll of revelation {unknown}
 m - a scroll of noise {unknown}
Potions
 b - a potion of magic


   Skills:
 + Level 1.4 Fighting
 - Level 1.7 Dodging
 - Level 2.0 Stealth
 + Level 2.3 Spellcasting
 + Level 1.7 Conjurations
 + Level 3.8 Alchemy


You had 6 spell levels left.
You knew the following spells:

 Your Spells              Type           Power      Damage    Failure   Level
a - Sting                 Conj/Alch      44%        1d5       6%          1

Your spell library contained the following spells:

 Spells                   Type           Power      Damage    Failure   Level
 Mercury Vapours          Alch/Air       16%        N/A       13%         2
 Mephitic Cloud           Conj/Alch/Air  8%         N/A       26%         3
 Olgreb's Toxic Radiance  Alch           15%        N/A       36%         4
 Call Canine Familiar     Summ           1%         N/A       50%         3
 Sigil of Binding         Hex            1%         N/A       50%         3
 Sticky Flame             Fire/Alch      8%         2d4       63%         4
 Dimensional Bullseye     Hex/Tloc       0%         N/A       88%         4


Dungeon Overview and Level Annotations

Branches:
Dungeon (2/15)

Altars:
Elyvilon


Innate Abilities, Weirdness & Mutations

You can wield a second weapon in your off-hand.
It takes a long time for you to wield or remove held weapons.
Your first few attacks do less damage.
You cannot equip rings or amulets.


Message History

The kobold hits you with a +0 dagger.
Casting: Sting (safe; 6% risk of failure)
Confirm with . or Enter, or press ? or * to list all spells.
Aiming: Sting (safe; 6% risk of failure)
Press: ? - help, Shift-Dir - straight line, f/p - goblin
Aim: a goblin, wielding a +2 dagger of venom (moderately wounded, poisoned, 64% to hit)
The sting misses the goblin.
You feel sick.
The goblin hits you with a +2 dagger of venom.
You are lethally poisoned!
The kobold misses you.
Casting: Sting (safe; 6% risk of failure)
Confirm with . or Enter, or press ? or * to list all spells.
Aiming: Sting (safe; 6% risk of failure)
Press: ? - help, Shift-Dir - straight line, f/p - goblin
Aim: a goblin, wielding a +2 dagger of venom (heavily wounded, poisoned, 64% to hit)
The sting hits the goblin.
The goblin looks even sicker.
The goblin is severely wounded.
You feel very sick.
The goblin hits you with a +2 dagger of venom.
* * * LOW HITPOINT WARNING * * *
The kobold hits you with a +0 dagger.
* * * LOW HITPOINT WARNING * * *
You hit the goblin but do no damage.
The goblin is severely wounded.
* * * LOW HITPOINT WARNING * * *
You feel very sick. The goblin closely misses you.
The kobold hits you but does no damage.
It was a potion of attraction.
You feel attractive to monsters.
* * * LOW HITPOINT WARNING * * *
You feel sick. The goblin closely misses you.
The kobold hits you but does no damage.
Your magical contamination has completely faded away.
You closely miss the goblin.
The goblin is almost dead.
* * * LOW HITPOINT WARNING * * *
You feel sick.
You kill the goblin!
The kobold hits you with a +0 dagger.
You die...

..................>.##.#
##..................##.#
................#...##.#
................##.....#
................##.#####
......[........[##.######
..........######........#
..........# #.)......#
#####.....## #@K......#
#......# ###.######
#......# #.# #..._..####
#.# +#####........# ..K
....##........# .@.
....##........# ..g..
.............†# .^...
....#......(..#.......


You could see a kobold.

Vanquished Creatures
  Jessica (D:2)
  An adder (D:2)
  A dart slug (D:1)
  3 ball pythons
  4 endoplasms
  A giant cockroach (D:1)
  3 goblins
  5 hobgoblins
  3 kobolds
  3 quokkas
  2 bats (D:1)
  A frilled lizard (D:1)
  2 rats (D:1)
30 creatures vanquished.

Notes
Turn   | Place    | Note
-------+----------+-------------------------------------------
     0 | D:1      | hikkokomori the Coglin Alchemist began the quest for the
                  | Orb.
     0 | D:1      | Reached XP level 1. HP: 13/13 MP: 3/3
    28 | D:1      | Reached skill level 1 in Conjurations
   180 | D:1      | Reached XP level 2. HP: 20/20 MP: 1/4
  1053 | D:1      | Reached XP level 3. HP: 25/25 MP: 3/6
  1258 | D:2      | Reached skill level 1 in Fighting
  1322 | D:2      | Found a white marble altar of Elyvilon.
  1550 | D:2      | Noticed Jessica
  1562 | D:2      | Killed Jessica
  1563 | D:2      | Reached XP level 4. HP: 21/32 MP: 3/7
  1568 | D:2      | HP: 1/32 [poisoned by a goblin]
  1568 | D:2      | Slain by a kobold

Illustrated notes

Levels and vault maps discovered:
D:1:      dpeg_arrival_renting, layout_loops_ring,
          chequers_serial_rivers_micro_c, grunt_decor_mini_mirrors,
          minmay_tetromino_t2
D:2:      layout_basic, basic_altar, dk_noncrumbling_4,
          kennysheep_big_empty_room, kennysheep_generic_room_14, uniq_jessica

Skill      XL: |  1  2  3 |
---------------+----------+-----
Conjurations   | 1 |  1.7
Spellcasting   | 2 |  2.3
Fighting       | 1 |  1.4
Stealth        | 2 |  2.0
Dodging        | |  1.7
Alchemy        | |  3.8

Action                     |  1- 3 |  4- 6 || total
---------------------------+-------+-------++-------
  Melee: Unarmed           |    25 |       ||    25
         Short sword       |    15 |     2 ||    17
   Cast: Sting             |    55 |     3 ||    58
    Use: Potion            |     1 |     1 ||     2
 Armour: Robe              |    28 |     8 ||    36
  Dodge: Dodged            |    42 |     3 ||    45

Table legend: (Time is in decaauts)
 A = Elapsed time spent in this place.
 B = Non-inter-level travel time spent in this place.
 C = Inter-level travel time spent in this place.
 D = Time resting spent in this place.
 E = Time spent auto-exploring this place.
 F = Levels seen in this place.
 G = Mean time per level.
                   A        B        C        D        E       F      G
               +--------+--------+--------+--------+--------+-----+--------+
         Total |   1568 |   1550 |     18 |      0 |   1327 |   2 |  784.0 |
       Dungeon |   1568 |   1550 |     18 |      0 |   1327 |   2 |  784.0 |
               +--------+--------+--------+--------+--------+-----+--------+

Top non-repeatable levels by time:
     D:1: 1185 daAuts
     D:2: 382 daAuts
